 Dungeon Crawl Stone Soup version 0.32-a0-871-ge202e49faa (webtiles) character file.

Game seed: 13770155698870782784

56 KennySheep the Sneak (level 3, -1/19 HPs)
             Began as a Spriggan Delver on Mar 30, 2024.
             Slain by a gnoll
             ... wielding a +0 club
              (6 damage)
             ... on level 3 of the Dungeon.
             The game lasted 00:05:45 (1658 turns).

KennySheep the Sneak (Spriggan Delver)              Turns: 1658, Time: 00:05:46

Health: -1/19      AC:  2    Str:  8    XL:     3   Next: 71%
Magic:  4/4        EV: 17    Int: 11    God:
Gold:   162        SH:  0    Dex: 18    Spells: 2/2 levels left

rFire   . . .        a - +0 short sword
rCold   . . .        (no shield)
rNeg    . . .        b - +0 robe
rPois   .            (helmet restricted)
rElec   .            (no cloak)
rCorr   .            (gloves unavailable)
SInv    +            (boots unavailable)
Will    .....        (no amulet)
Stlth   ++++         (no ring)
HPRegen 0.23/turn    (no ring)
MPRegen 0.09/turn

%: no passive effects
@: very quick
A: very small, no large weapons, unfitting armour, see invisible, speed 3
a: no special abilities


You were on level 3 of the Dungeon.
You visited 1 branch of the dungeon, and saw 5 of its levels.

You collected 162 gold pieces.

Inventory:

Hand Weapons
 a - a +0 short sword (weapon)
Armour
 b - a +0 robe (worn)
Wands
 g - a wand of digging (3)
Scrolls
 c - 2 scrolls of fog
 d - a scroll of revelation
 e - a scroll of fear
 h - a scroll of immolation {unknown}
 j - 2 scrolls of teleportation {unknown}
 k - a scroll of noise {unknown}
 l - a scroll of blinking {unknown}
 m - 2 scrolls of amnesia {unknown}
Potions
 f - a potion of haste
 i - 2 potions of lignification {unknown}
 n - a potion of enlightenment {unknown}
 o - a potion of heal wounds {unknown}
 p - a potion of berserk rage {unknown}
 q - a potion of curing {unknown}


   Skills:
 - Level 2.4 Fighting
 - Level 2.1 Short Blades
 * Level 2.3 Ranged Weapons
 + Level 3.5 Dodging
 + Level 7.8 Stealth


You had 2 spell levels left.
You didn't know any spells.
Your spell library contained the following spells:

 Spells                   Type           Power      Damage    Failure   Level
 Inner Flame              Hex/Fire       0%         N/A       71%         3
 Irradiate                Conj/Alch      0%         3d11      100%        5
 Ignition                 Fire           0%         3d3       100%        8


Dungeon Overview and Level Annotations

Branches:
Dungeon (5/15)
 Temple: D:4-7

Altars:


Innate Abilities, Weirdness & Mutations

You are very small and have problems with some larger weapons.
You are too small for most types of armour.
You have supernaturally acute eyesight. (SInv)
You cover ground extremely quickly. (Speed+++)


Message History

You see here a +0 dagger.
There is an open door here.
You open the door.
A ball python comes into view.
The ball python moves out of view.
There is an open door here.
A ribbon worm comes into view.
A ribbon worm is nearby!
A ribbon worm is nearby!
The helpless ribbon worm fails to defend itself.
You impale the ribbon worm!!
You kill the ribbon worm!
No target in view!
A ball python and a gnoll come into view.
There are monsters nearby!
You closely miss the ball python.
The ball python hisses angrily.
The ball python bites you. The ball python closely misses you.
The gnoll shouts!
You hit the ball python.
The ball python is moderately wounded.
The ball python bites you. The ball python misses you.
You completely miss the ball python.
The ball python is moderately wounded.
The ball python misses you. The ball python barely misses you.
You hit the ball python.
You kill the ball python!
You hit the gnoll.
The gnoll is moderately wounded.
You hit the gnoll.
The gnoll is severely wounded.
The gnoll misses you.
You hit the gnoll but do no damage.
The gnoll is severely wounded.
The gnoll hits you with a +0 club. The gnoll hits you with a +0 whip!
* * * LOW HITPOINT WARNING * * *
You hit the gnoll but do no damage.
The gnoll is severely wounded.
The gnoll hits you with a +0 club.
You die...

#.# #....#'###.
#.###
#........')
#...#
#.......##.
#...#
#.......##<
#...#
#.......###
#...# #.##......
#.######.
##...##
#........ ....+
#@....... .#...#
#gg......#.#####
#.######.
#.######
#.##...#
#.##...# #
##.##...#.#
#.......'.# ####


You could see 2 gnolls.

Vanquished Creatures
  A dart slug (D:3)
  3 ribbon worms
  An orc (D:3)
  2 bats (D:1)
  2 endoplasms (D:1)
  3 giant cockroaches
  5 hobgoblins
  4 jackals (D:2)
  3 quokkas
  7 ball pythons
  2 frilled lizards (D:1)
  3 kobolds
  7 rats
43 creatures vanquished.

Notes
Turn   | Place    | Note
-------+----------+-------------------------------------------
     0 | D:5      | KennySheep the Spriggan Delver began the quest for the Orb.
     0 | D:5      | Reached XP level 1. HP: 11/11 MP: 2/2
   170 | D:3      | Noticed a scorpion
   199 | D:3      | Reached skill level 1 in Ranged Weapons
   199 | D:3      | Reached XP level 2. HP: 16/16 MP: 3/3
   875 | D:1      | Reached XP level 3. HP: 16/19 MP: 4/4
  1049 | D:1      | Found a faded altar of an unknown god.
  1658 | D:3      | Slain by a gnoll

Illustrated notes

Levels and vault maps discovered:
D:1:      lemuel_arrival_behind_the_door_large, layout_rooms,
          shapermc_ecumenical_altar_mp_highgroup
D:2:      layout_basic
D:3:      cheibrodos_pilgrimage, layout_basic, grunt_decor_cap, uniq_robin
D:4:      layout_loops_ring, st_stairs_8
D:5:      layout_basic, regret_index_xom_of_box, minmay_temple_entry_trees,
          uniq_sigmund, uniq_crazy_yiuf_cottage

Skill      XL: |  1  2  3 |
---------------+----------+-----
Ranged Weapons | 1 2 |  2.3
Dodging        | 3 |  3.5
Fighting       | |  2.4
Short Blades   | |  2.1
Stealth        | |  7.8

Action                     || total
---------------------------++-------
  Melee: Short sword       ||   164
   Stab: Sleeping          ||    13
 Armour: Robe              ||    53
  Dodge: Dodged            ||   112

Table legend: (Time is in decaauts)
 A = Elapsed time spent in this place.
 B = Non-inter-level travel time spent in this place.
 C = Inter-level travel time spent in this place.
 D = Time resting spent in this place.
 E = Time spent auto-exploring this place.
 F = Levels seen in this place.
 G = Mean time per level.
                   A        B        C        D        E       F      G
               +--------+--------+--------+--------+--------+-----+--------+
         Total |   1190 |   1150 |     40 |    170 |    549 |   5 |  238.0 |
       Dungeon |   1190 |   1150 |     40 |    170 |    549 |   5 |  238.0 |
               +--------+--------+--------+--------+--------+-----+--------+

Top non-repeatable levels by time:
     D:2: 441 daAuts
     D:1: 361 daAuts
     D:3: 327 daAuts
     D:4: 50 daAuts
     D:5: 9 daAuts
